Map: Disco Bloodbath LE

Players

LiquidMaNa (MaNa) - Winner!

  • Race: Protoss Protoss
  • League: Grandmaster
  • Spawn Location: 3:00

GOReynor (Reynor)

  • Race: Zerg Zerg
  • League: Master
  • Spawn Location: 9:00

Event: HomeStory Cup XX

VOD

Have the link to the VOD?

Description

Time

  • Played on: Nov. 21, 2019, 1:23 p.m.
  • Length: 14:18

All games in this series

Show
View Real Time Build Order
Export as new Build Order

LiquidMaNa Protoss - Winner!

Build Orders: 1 Gate Expand, Phoenix Opening, Carriers 

Get SALT Encoding   

  12  0:00  Probe  
  13  0:12  Probe  
  14  0:19  Pylon  
  14  0:24  Probe  
  15  0:33  Probe  
  15  0:41  Probe, Gateway  
  16  0:48  Assimilator  
  17  0:51  Probe  
  18  1:03  Probe  
  19  1:16  Probe  
  20  1:26  Nexus  
  20  1:28  Probe  
  21  1:40  Probe  
  21  1:41  Cybernetics Core  
  22  1:47  Assimilator  
  22  1:54  Pylon  
  22  1:57  Probe  
  23  2:12  Probe, Stalker  
  24  2:17  Stargate  
  26  2:24  Probe  
  27  2:31  Warp Gate  
  27  2:37  Probe  
  28  2:38  Probe  
  28  2:41  Adept  
  31  2:45  Probe  
  31  2:47  Probe  
  33  2:53  Probe  
  33  2:55  Probe  
  34  3:00  Phoenix  
  34  3:03  Probe  
  34  3:05  Probe  
  37  3:12  Pylon  
  39  3:15  Probe  
  39  3:17  Probe  
  41  3:22  Gateway  
  41  3:25  Phoenix  
  43  3:27  Probe  
  43  3:29  Probe  
  45  3:39  Assimilator, Probe  
  45  3:41  Assimilator, Probe  
  47  3:50  Phoenix  
  47  3:51  Probe  
  47  3:53  Probe  
  51  4:03  Probe  
  51  4:05  Probe  
  51  4:07  Stargate  
  51  4:09  Pylon  
  53  4:15  Probe, Pylon  
  54  4:27  Probe, Phoenix  
  54  4:29  Adept x2  
  61  4:31  Probe  
  61  4:35  Pylon  
  62  4:40  Probe  
  62  4:41  Nexus  
  63  4:46  Probe  
  63  4:52  Probe  
  67  4:58  Fleet Beacon  
  67  4:59  Phoenix  
  67  5:04  Pylon  
  67  5:06  Pylon  
  67  5:10  Adept  
  67  5:12  Sentry  
  71  5:17  Phoenix  
  71  5:20  Pylon  
  73  5:22  Shield Battery  
  73  5:25  Carrier  
  73  5:30  Probe  
  74  5:41  Carrier  
  80  5:46  Probe x2  
  80  5:49  Assimilator  
  82  5:55  Probe  
  89  5:58  Probe x2  
  89  6:02  Adept  
  89  6:03  Sentry  
  95  6:13  Shield Battery  
  95  6:15  Shield Battery  
  95  6:18  Shield Battery  
  95  6:21  Pylon  
  95  6:24  Zealot  
  97  6:29  Gateway  
  97  6:31  Gateway  
  97  6:35  Pylon  
  97  6:38  Pylon  
  97  6:43  Protoss Air Weapons Level 1  
  97  6:57  Carrier  
  97  6:58  Carrier  
  105  7:20  Nexus  
  105  7:28  Zealot x2  
  109  7:30  Pylon  
  109  7:33  Pylon  
  109  7:41  Unknown  
  109  7:49  Probe x2  
  111  7:53  Stargate  
  111  7:55  Carrier  
  111  8:00  Zealot x4  
  125  8:05  Shield Battery  
  125  8:08  Pylon  
  125  8:10  Pylon, Carrier  
  125  8:12  Pylon  
  125  8:24  Pylon  
  125  8:27  Shield Battery  
  125  8:30  Pylon  
  129  8:40  Void Ray  
  129  8:46  Void Ray  
  133  9:01  Shield Battery  
  137  9:05  Void Ray  
  137  9:07  Assimilator  
  137  9:08  Assimilator, Robotics Facility  
  137  9:11  Shield Battery  
  137  9:13  Shield Battery  
  141  9:18  Zealot  
  141  9:21  Stalker  
  145  9:26  Void Ray  
  149  9:37  Void Ray  
  153  9:48  Carrier  
  149  9:56  Zealot x4  
  151  10:02  Carrier  
  131  10:21  Zealot x4  
  137  10:26  Void Ray  
  137  10:49  Void Ray  
  127  10:59  Void Ray  
  127  11:01  Carrier  
  111  11:11  Probe  
  111  11:12  Probe  
  111  11:13  Observer  
  106  11:19  Protoss Air Weapons Level 2  
  106  11:30  Carrier  
  108  11:44  Carrier  
  114  11:48  Zealot x2  
  114  11:53  Stalker  
  114  11:54  Stalker  
  117  12:10  Zealot, Stalker  
  121  12:17  Zealot  
  121  12:18  Zealot  
  122  12:23  Carrier  
  122  12:26  Carrier  
  125  12:36  Zealot x2  
  129  12:43  Carrier  
  115  13:17  Probe x2  
Show
View Real Time Build Order
Export as new Build Order

GOReynor Zerg 

Build Orders: Hatch First 

Get SALT Encoding   

  12  0:00  Drone  
  13  0:12  Overlord  
  13  0:16  Drone  
  14  0:30  Drone x2  
  16  0:47  Hatchery  
  15  0:50  Drone  
  15  0:54  Drone  
  17  0:57  Drone  
  18  1:07  Extractor  
  17  1:14  Spawning Pool  
  17  1:17  Drone  
  17  1:20  Drone  
  18  1:28  Drone  
  19  1:38  Drone  
  20  1:52  Overlord  
  20  2:00  Zergling x2  
  20  2:01  Zergling x2, Queen  
  22  2:04  Queen  
  26  2:10  Drone  
  26  2:11  Drone  
  30  2:22  Drone x2  
  30  2:35  Drone x2  
  32  2:37  Hatchery  
  32  2:41  Pneumatized Carapace  
  31  2:45  Drone  
  31  2:49  Overlord  
  32  2:53  Drone  
  32  2:54  Drone  
  34  3:01  Queen  
  36  3:08  Drone x3  
  36  3:11  Zergling x2  
  40  3:13  Drone  
  40  3:14  Drone  
  40  3:18  Metabolic Boost  
  42  3:23  Overlord  
  42  3:27  Drone x2  
  44  3:36  Overlord  
  44  3:41  Drone, Overlord  
  44  3:42  Drone x2  
  47  3:48  Queen  
  47  3:50  Spore Crawler, Drone x2  
  50  3:56  Drone x4  
  50  4:00  Queen  
  56  4:03  Spore Crawler  
  56  4:07  Overlord  
  55  4:10  Spore Crawler  
  55  4:14  Lair  
  54  4:17  Zergling x4  
  54  4:18  Zergling x2  
  54  4:21  Drone  
  58  4:24  Overlord  
  58  4:28  Roach Warren  
  58  4:29  Drone  
  58  4:30  Drone  
  59  4:32  Drone  
  59  4:35  Drone x2  
  59  4:38  Drone x3  
  65  4:42  Queen  
  67  4:47  Extractor x2  
  67  4:50  Drone x4  
  69  4:53  Overlord  
  69  4:56  Evolution Chamber  
  69  4:57  Overlord  
  68  5:07  Overlord  
  68  5:12  Spore Crawler  
  68  5:15  Nydus Network  
  68  5:16  Zergling x18  
  68  5:18  Queen  
  68  5:19  Queen  
  80  5:22  Zergling x2  
  80  5:24  Overlord  
  80  5:29  Zergling x8  
  83  5:37  Zergling x10  
  83  5:40  Overseer  
  83  5:41  Queen  
  90  5:46  Zergling x6  
  90  5:47  Zergling x2  
  90  5:49  Overlord  
  94  5:52  Nydus Canal  
  93  5:58  Zergling x10  
  97  6:04  Overlord  
  97  6:08  Nydus Canal  
  96  6:13  Zergling x6  
  96  6:15  Drone  
  96  6:17  Overlord  
  96  6:20  Drone x2  
  96  6:22  Queen  
  96  6:23  Queen x2  
  103  6:29  Drone x2  
  103  6:31  Overlord  
  105  6:34  Zerg Missile Weapons Level 1  
  105  6:37  Extractor  
  104  6:40  Drone, Hydralisk Den  
  104  6:41  Drone x4, Overlord  
  104  6:44  Drone  
  104  6:45  Drone x2  
  105  6:48  Extractor  
  105  6:51  Extractor  
  105  6:52  Overlord  
  97  6:55  Drone x2  
  97  6:56  Drone x2  
  100  7:02  Drone  
  100  7:03  Drone  
  100  7:07  Extractor, Drone  
  101  7:10  Spire, Drone  
  101  7:15  Drone  
  101  7:17  Hatchery, Drone  
  98  7:25  Drone x2  
  99  7:31  Drone x2  
  99  7:35  Overlord  
  101  7:39  Zergling x14, Nydus Canal  
  106  7:46  Overlord  
  106  7:57  Overlord  
  105  8:02  Drone x2  
  105  8:15  Drone  
  101  8:21  Corruptor x8  
  101  8:23  Drone x6  
  123  8:31  Overlord  
  123  8:32  Corruptor  
  125  8:34  Drone x2  
  125  8:37  Roach Warren  
  125  8:38  Zerg Melee Weapons Level 1  
  125  8:41  Corruptor  
  126  8:43  Drone x2  
  126  8:46  Overlord  
  126  8:47  Corruptor  
  132  8:52  Overlord  
  132  8:54  Nydus Canal  
  129  8:57  Zergling x10  
  129  8:58  Zergling x10  
  129  8:59  Queen  
  129  9:00  Drone  
  129  9:01  Extractor x2  
  129  9:02  Corruptor  
  140  9:06  Corruptor  
  144  9:12  Drone x2  
  144  9:13  Corruptor  
  148  9:18  Corruptor, Overlord  
  148  9:20  Drone x3  
  148  9:22  Drone  
  148  9:23  Drone  
  155  9:29  Spore Crawler x2  
  155  9:30  Corruptor  
  155  9:31  Spore Crawler  
  155  9:34  Corruptor  
  137  9:53  Corruptor  
  137  9:54  Corruptor x3  
  137  9:58  Drone  
  137  9:59  Drone x2  
  137  10:02  Roach x5  
  129  10:09  Spore Crawler x2  
  129  10:10  Corruptor x2  
  129  10:14  Corruptor  
  114  10:17  Corruptor  
  117  10:23  Infestation Pit  
  117  10:25  Corruptor  
  118  10:30  Zergling x4  
  118  10:31  Zergling x2, Corruptor  
  118  10:33  Zergling x2  
  118  10:34  Zergling x2  
  125  10:42  Roach x3, Zergling x2  
  127  10:45  Corruptor  
  124  10:51  Corruptor x2  
  110  10:57  Corruptor  
  102  11:05  Corruptor x2  
  102  11:08  Drone x3  
  102  11:09  Drone  
  105  11:17  Corruptor  
  104  11:22  Hive  
  104  11:24  Drone x2  
  104  11:45  Drone  
  104  11:46  Infestation Pit  
  102  11:47  Zergling x2  
  102  11:48  Zergling x18  
  112  12:00  Corruptor x4  
  114  12:03  Spore Crawler  
  114  12:04  Zergling x2  
  114  12:05  Zergling x2  
  114  12:06  Nydus Canal  
  113  12:09  Zergling x6  
  113  12:14  Corruptor  
  115  12:16  Corruptor  
  117  12:24  Corruptor  
  117  12:25  Corruptor  
  116  12:33  Corruptor  
  116  12:35  Zergling x6  
  118  12:40  Spore Crawler  
  118  12:42  Corruptor x2  
  107  12:51  Corruptor x2  
  105  13:03  Queen x2  
  105  13:05  Viper  
  101  13:11  Spore Crawler  
  101  13:12  Viper  
  100  13:26  Queen  
  96  13:27  Viper  
  99  13:38  Queen  
  99  13:39  Queen  
Tags
 
Add a new tag
Caveats
  • Supply blocks, unpowered buildings, or Contaminate may cause inaccurate times.
  • Supply counts are checked every 10 seconds.